 Dungeon Crawl Stone Soup version 0.19-a0-1908-g43c011f (webtiles) character file.

3544 Jorund the Cleaver (level 9, 0/61 HPs)
             Began as a Demonspawn Gladiator on Oct 22, 2016.
             Slain by an orc wizard
             ... wielding a +0 dagger
              (1 damage)
             ... on level 7 of the Dungeon.
             The game lasted 00:21:55 (9021 turns).

Jorund the Cleaver (Demonspawn Gladiator)           Turns: 9021, Time: 00:21:56

Health: 0/61       AC: 11    Str: 20    XL:     9   Next: 82%
Magic:  9/9        EV: 12    Int: 14    God:
Gold:   46         SH:  0    Dex: 13    Spells: 0 memorised, 8 levels left

rFire  + . .     SeeInvis +     a - +0 war axe
rCold  . . .     Gourm    .     k - +0 ring mail
rNeg   . . .     Faith    .     (no shield)
rPois  .         Spirit   .     (helmet unavailable)
rElec  +         Reflect  .     x - +0 cloak "Pukol" {rElec rF+ MR+ SInv}
rCorr  .         Harm     .     i - +0 pair of gloves
MR     ++...     Clarity  +     (no boots)
Stlth  +.........               y - amulet of rage
                                A - ring of protection from magic
                                j - +5 ring of intelligence

@: exhausted, slowed, very slow
A: antennae 3, icy blue scales 1, clarity, clumsy 1, strong 1, rot immunity
a: Evoke Berserk Rage


You were on level 7 of the Dungeon.
You were hungry.

You visited 2 branches of the dungeon, and saw 9 of its levels.

You collected 547 gold pieces.
You spent 501 gold pieces at shops.

Inventory:

Hand Weapons
 a - a +0 war axe (weapon)
 h - a +0 hand crossbow
Missiles
 q - 19 bolts
Armour
 b - a +0 leather armour
 i - a +0 pair of gloves (worn)
 k - a +0 ring mail (worn)
 x - the +0 cloak "Pukol" (worn) {rElec rF+ MR+ SInv}
   (You bought it in a shop on level 6 of the Dungeon)

   It protects you from fire.
   It insulates you from electricity.
   It affects your resistance to hostile enchantments.
   It lets you see invisible.
Jewellery
 g - an uncursed amulet of guardian spirit
 j - a +5 ring of intelligence (left hand)
 y - an amulet of rage (around neck)
 A - a ring of protection from magic (right hand)
Scrolls
 e - 5 scrolls of magic mapping
 u - a scroll of teleportation
Potions
 l - a potion of brilliance
 m - a potion of flight
 p - a potion of resistance
 t - 2 potions of cure mutation
 w - a potion of cancellation
 z - a potion of magic
Comestibles
 c - 2 beef jerkies
 d - 4 royal jellies
 f - 5 bread rations
 n - 5 fruits
 o - 2 meat rations


   Skills:
 - Level 2.0 Fighting
 + Level 11.0 Axes
 - Level 1.7 Throwing
 + Level 7.0 Armour
 - Level 2.6 Dodging
 + Level 0.2 Evocations


You had 8 spell levels left.
You didn't know any spells.

Dungeon Overview and Level Annotations

Branches:
Dungeon (8/15)             Temple (1/1) D:4
   Lair: D:8-11

Altars:
Ashenzari
Dithmenos
Elyvilon
Fedhas
Gozag
Hepliaklqana
Kikubaaqudgha
Makhleb
Nemelex Xobeh
Qazlal
Ru
Sif Muna
Trog
Uskayaw
Vehumet
Xom
Yredelemnul
Zin
The Shining One

Shops:
D:6 *%[*?

Annotations:
D:6 1 runed door, 2 exclusions


Innate Abilities, Weirdness & Mutations

You have a pair of large antennae on your head. (SInv)
You are partially covered in icy blue scales. (AC +2)
You are immune to rotting.
You possess an exceptional clarity of mind.
You are clumsy. (Dex -2)
Your muscles are strong. (Str +2)


Message History

You slash the orc wizard!
The orc wizard is severely wounded.
The orc wizard hits you but does no damage.
The orc wizard hits you with a dagger.
* * * LOW HITPOINT WARNING * * *
Unknown command.
You hit the orc wizard.
You kill the orc wizard!
Your Armour skill increases to level 7!
The orc wizard casts a spell at you. The magic dart hits you!
* * * LOW HITPOINT WARNING * * *
Unknown command.
Okay, then.
The orc wizard hits you with a dagger.
* * * LOW HITPOINT WARNING * * *
You hit the orc wizard.
The orc wizard is heavily wounded.
The orc wizard hits you with a dagger.
You die...

####### # #.....# ########
#.###.# #.)....# #...#.#
.......###########.#.###
.[....................>###
#.########.#####.#.###...#
#.## ##.#####.#.......#
#..# #......o@#####...#
##.## #.......)#..<....#
#..# #................#
##.##
#.........o.##...########
##..#
#...........'...........#
#...#
#...........###########.#
#...#
#.......###..<...>....#.#
#...##
##.##.....#.....###'###{#
#....#
#.##.....#.....##......#


You could see an orc wizard and an orc.

Vanquished Creatures
  The ghost of Tetramerus the Chopper, a novice MiFi of Okawaru (D:6)
  Prince Ribbit (D:7)
  Sigmund (D:4)
  A yak (D:7)
  2 ice beasts
  A phantom (D:7)
  A black bear (D:8)
  2 centaurs
  2 ogres
  A crocodile (D:7)
  A big kobold (D:8)
  2 bullfrogs
  A water moccasin zombie (D:5)
  A scorpion (D:4)
  4 crimson imps
  A bullfrog zombie (D:5)
  3 hounds
  2 quasits
  3 jellies
  7 orc priests
  4 iguanas
  10 orc wizards
  7 worker ants
  2 killer bee zombies
  A hound skeleton (D:8)
  Robin (D:4)
  A howler monkey skeleton (D:5)
  8 adders
  A river rat (D:7)
  2 shadow imps
  An ooze (D:1)
  2 worms (D:2)
  2 adder skeletons
  2 adder zombies
  2 dart slugs
  7 leopard geckos
  26 orcs
  A ball python (D:2)
  4 bats
  5 giant cockroaches
  12 hobgoblins
  13 jackals
  16 kobolds
  5 quokkas
  7 frilled lizards
  13 goblins
  A kobold skeleton (D:6)
  A leopard gecko skeleton (D:5)
  9 rats
  A plant (D:1)
205 creatures vanquished.

Vanquished Creatures (others)
  2 bushes (D:8)
  2 fungi (D:8)
  3 plants (D:8)
7 creatures vanquished.

Grand Total: 212 creatures vanquished

Notes
Turn   | Place    | Note
-------+----------+-------------------------------------------
     0 | D:1      | Jorund the Demonspawn Gladiator began the quest for the Orb.
     0 | D:1      | Reached XP level 1. HP: 16/16 MP: 1/1
   233 | D:1      | Reached skill level 3 in Axes
   256 | D:1      | Gained mutation: You are partially covered in icy blue scales. (AC +2) [demonic ancestry]
   256 | D:1      | Reached XP level 2. HP: 17/22 MP: 2/2
   987 | D:1      | Gained mutation: You have a pair of small antennae on your head. [demonic ancestry]
   987 | D:1      | Reached XP level 3. HP: 27/27 MP: 3/3
  1218 | D:2      | Reached skill level 1 in Armour
  1251 | D:2      | Reached skill level 4 in Axes
  1669 | D:2      | Reached XP level 4. HP: 33/33 MP: 4/4
  1965 | D:3      | Found a sacrificial altar of Ru.
  2323 | D:4      | Gained mutation: You have a pair of antennae on your head. [demonic ancestry]
  2323 | D:4      | Reached XP level 5. HP: 26/38 MP: 3/5
  2470 | D:4      | Noticed Robin
  2490 | D:4      | Killed Robin
  2498 | D:4      | Reached skill level 5 in Axes
  2706 | D:4      | Found a staircase to the Ecumenical Temple.
  2922 | D:4      | Noticed Sigmund
  3229 | D:4      | Gained mutation: You have a pair of large antennae on your head. (SInv) [demonic ancestry]
  3229 | D:4      | Reached XP level 6. HP: 40/44 MP: 6/6
  3236 | D:4      | Gained mutation: You possess an exceptional clarity of mind. [potion of mutation]
  3236 | D:4      | Gained mutation: You are clumsy. (Dex -2) [potion of mutation]
  3236 | D:4      | Gained mutation: Your muscles are strong. (Str +2) [potion of mutation]
  3278 | D:4      | Killed Sigmund
  3278 | D:4      | Reached skill level 6 in Axes
  3583 | Temple   | Entered the Ecumenical Temple
  3719 | D:5      | Entered Level 5 of the Dungeon
  3777 | D:5      | Reached XP level 7. HP: 40/50 MP: 7/7
  4041 | D:5      | Reached skill level 7 in Axes
  4584 | D:6      | Found Ozesm's Magic Scroll Emporium.
  4606 | D:6      | Noticed Tetramerus's ghost (novice MiFi)
  4687 | D:6      | Gained mutation: You are immune to rotting. [demonic ancestry]
  4687 | D:6      | Reached XP level 8. HP: 48/56 MP: 8/8
  4808 | D:6      | Reached skill level 8 in Axes
  4928 | D:6      | Killed Tetramerus's ghost
  4928 | D:6      | Reached skill level 9 in Axes
  4928 | D:6      | Reached skill level 5 in Armour
  5294 | D:6      | Found Onophog's Food Emporium.
  5325 | D:6      | Found Aqax Roq's General Store.
  5380 | D:6      | Found Qiymuc's Armour Shoppe.
  5394 | D:6      | Found a runed door.
  5406 | D:6      | Found a basalt altar of Yredelemnul.
  5592 | D:6      | Found Gozag's Platinum Reserve.
  5603 | D:6      | Found an opulent altar of Gozag.
  5848 | D:6      | Bought the +0 cloak "Pukol" {rElec rF+ MR+ SInv} for 423 gold pieces
  6221 | D:7      | Reached XP level 9. HP: 53/61 MP: 9/9
  6939 | D:7      | Reached skill level 10 in Axes
  7358 | D:6      | Bought a scroll of identify for 26 gold pieces
  7358 | D:6      | Bought a scroll of identify for 26 gold pieces
  7358 | D:6      | Bought a scroll of identify for 26 gold pieces
  7393 | D:7      | Noticed Prince Ribbit
  7475 | D:7      | HP: 3/61 [orc priest/divine providence (14)]
  8574 | D:7      | Killed Prince Ribbit
  8951 | D:7      | HP: 2/61 [yak (13)]
  9008 | D:7      | Reached skill level 11 in Axes
  9019 | D:7      | HP: 2/61 [orc wizard/magic dart (2)]
  9021 | D:7      | Slain by an orc wizard

Vault maps used:
D:1:      erik_arrival_blinker_ship, lexackson_kobold_supper
D:3:      hangedman_ru_absence, first_bread
D:4:      corexii_shack_village, minmay_lizard_king, uniq_robin, uniq_sigmund
D:5:      minivault_4, kennysheep_generic_room_6
D:6:      nicolae_gozag_zags_fifth_avenue, serial_shops, nicolae_shop_crystal,
          kennysheep_little_box, shop, nicolae_shop_behind_doors,
          nrook_pool_corridor, dk_yredelemnul_ordeal
D:7:      uniq_prince_ribbit1
D:8:      black_bear_nest_2, minmay_lair_entry_grove
Temple:   compressed_dpeg_circular_temple

Skill      XL: |  1  2  3  4  5  6  7  8  9 |
---------------+----------------------------+-----
Axes           | 3 4 5 6 7 9 11 | 11.0
Armour         | 1 2 3 4 5 7 |  7.0
Fighting       | |  2.0
Throwing       | |  1.7
Dodging        | |  2.6
Evocations     | |  0.2

Action                   |  1- 3 |  4- 6 |  7- 9 || total
-------------------------+-------+-------+-------++-------
Melee: War axe           |   131 |     7 |    41 ||   179
       Hand axe          |       |   173 |   542 ||   715
Throw: Throwing net      |       |     2 |     1 ||     3
 Abil: Evoke Berserk Rag |       |       |     2 ||     2
  Use: Scroll            |     2 |    12 |    11 ||    25
       Potion            |       |     1 |    11 ||    12
 Stab: Held in net/web   |       |     1 |       ||     1
  Eat: Chunk             |     3 |     6 |    19 ||    28
Armor: Ring mail         |    64 |    54 |   214 ||   332
       Leather armour    |     1 |       |       ||     1
Dodge: Dodged            |    73 |    98 |   319 ||   490
